 Dungeon Crawl Stone Soup version 0.23.2-33-g5129a83184 (webtiles) character file.

Game seed: 7705977068293841552

99 Destapler the Poker (level 4, -2/35 HPs)
             Began as a Merfolk Gladiator on Aug 10, 2019.
             Was an Initiate of Qazlal.
             Slain by a killer bee (4 damage)
             ... on level 3 of the Dungeon.
             The game lasted 00:11:11 (2096 turns).

Destapler the Poker (Merfolk Gladiator)             Turns: 2096, Time: 00:11:12

Health: -2/35      AC:  5    Str: 18    XL:     4   Next: 72%
Magic:  4/4        EV: 14    Int:  7    God:    Qazlal [......]
Gold:   141        SH:  0    Dex: 16    Spells: 3/3 levels left

rFire    . . .     SeeInvis .   a - +0 dagger (vamp)
rCold    . . .     Gourm    .   (no shield)
rNeg     . . .     Faith    .   q - +0 leather armour (curse)
rPois    .         Spirit   .   c - +0 helmet
rElec    .         Reflect  .   x - +0 cloak
rCorr    .         Harm     .   (no gloves)
MR       .....                  (no boots)
Stlth    ++........             (no amulet)
HPRegen  0.11/turn              h - +5 ring of slaying
MPRegen  0.09/turn              w - +4 ring of strength

@: lethally poisoned (-2 -> -21), about to teleport
A: change form in water, swift swim, stealthy swim
a: Renounce Religion


You were on level 3 of the Dungeon.
You worshipped Qazlal.
Qazlal was noncommittal.
You were not hungry.

You visited 1 branch of the dungeon, and saw 3 of its levels.

You collected 141 gold pieces.

Inventory:

Hand Weapons
 a - a +0 vampiric dagger (weapon)
 o - a +0 trident
Missiles
 d - 3 throwing nets (quivered)
 g - 163 stones
Armour
 b - a +0 leather armour
 c - a +0 helmet (worn)
 q - a cursed +0 leather armour (worn)
 x - a +0 cloak (worn)
Jewellery
 h - a +5 ring of slaying (left hand)
 t - an uncursed ring of positive energy
 w - a +4 ring of strength (right hand)
 y - an uncursed ring of flight
Wands
 m - a wand of random effects (22)
Scrolls
 i - a scroll of enchant armour {unknown}
 j - a scroll of enchant weapon {unknown}
 k - 9 scrolls of identify
 n - a scroll of amnesia {unknown}
 p - 2 scrolls of teleportation
 r - a scroll of magic mapping {unknown}
 s - a scroll of remove curse {unknown}
 u - a scroll of fog {unknown}
 v - a scroll of blinking {unknown}
Potions
 e - 2 potions of degeneration
 l - a potion of curing
 z - a potion of might {unknown}
Comestibles
 f - 5 rations


   Skills:
 + Level 3.3 Fighting
 * Level 2.9 Short Blades
 - Level 4.4 Polearms
 - Level 2.0 Throwing
 - Level 4.4 Dodging
 - Level 2.1 Stealth


You had 3 spell levels left.
You didn't know any spells.
Your spell library was empty.

Dungeon Overview and Level Annotations

Branches:
Dungeon (3/15)

Altars:
Elyvilon
Qazlal
Xom


Message History

* * * LOW HITPOINT WARNING * * *
You feel sick. The killer bee barely misses you.
* * * LOW HITPOINT WARNING * * *
You feel sick.
* * * LOW HITPOINT WARNING * * *
You feel sick.
You see here a scroll labeled MASUMMU WEKLO.
As you read the scroll labeled OSATSEFIHI, it crumbles to dust.
It is a scroll of identify.
e - 2 potions of degeneration
* * * LOW HITPOINT WARNING * * *
You feel sick. The killer bee stings you.
* * * LOW HITPOINT WARNING * * *
You are more poisoned.
The killer bee poisons you!
As you read the scroll labeled YKKIALEVOO, it crumbles to dust.
You feel strangely unstable.
It was a scroll of teleportation.
* * * LOW HITPOINT WARNING * * *
You feel sick. The killer bee closely misses you. The killer bee stings you.
You die...

##.######... .....
#..#....# .....
##.[....# w...
####.....#####y.#### .#
#..........yo..$. .#
#.....##.w##
.###..........## #
[.###....#..#oy#####....
#..###.###.#..yy@.:.....
##...#.##....###y.##....
####........## ##.... .
..[..##....###. ...#..
.######.....##.# ##.# ##
##....##.## .#
####)....... .
##.......#.## .##
##..###.###..##.#


You could see a worm, 4 killer bees and an orc.

Vanquished Creatures
  An orc wizard (D:3)
  2 adders
  An adder skeleton (D:3)
  A worm (D:3)
  A dart slug (D:1)
  A leopard gecko (D:1)
  2 orcs (D:3)
  2 giant cockroaches
  6 goblins
  5 hobgoblins
  2 jackals (D:2)
  3 kobolds
  6 bats
  A frilled lizard (D:1)
  7 rats
  2 butterflies (D:2)
43 creatures vanquished.

Notes
Turn   | Place    | Note
-------+----------+-------------------------------------------
     0 | D:1      | Destapler the Merfolk Gladiator began the quest for the
                  | Orb.
     0 | D:1      | Reached XP level 1. HP: 16/16 MP: 1/1
   267 | D:1      | Reached skill level 1 in Stealth
   334 | D:1      | Reached XP level 2. HP: 23/23 MP: 2/2
   924 | D:2      | Reached XP level 3. HP: 22/28 MP: 3/3
  1052 | D:2      | Found a white marble altar of Elyvilon.
  1134 | D:2      | Reached skill level 1 in Short Blades
  1332 | D:2      | Found a stormy altar of Qazlal.
  1437 | D:2      | Found a shimmering altar of Xom.
  1727 | D:3      | Reached XP level 4. HP: 35/35 MP: 4/4
  2003 | D:3      | Noticed a fire elemental
  2007 | D:3      | Noticed an earth elemental
  2009 | D:3      | Found a stormy altar of Qazlal.
  2010 | D:3      | Noticed an air elemental
  2010 | D:3      | Noticed a water elemental
  2015 | D:3      | Became a worshipper of Qazlal Stormbringer
  2096 | D:3      | Slain by a killer bee

Skill      XL: |  1  2  3  4 |
---------------+-------------+-----
Stealth        | 1 2 |  2.1
Short Blades   | 1 2 |  2.9
Fighting       | 3 |  3.3
Polearms       | |  4.4
Throwing       | |  2.0
Dodging        | |  4.4

Action                   |  1- 3 |  4- 6 || total
-------------------------+-------+-------++-------
Melee: Trident           |    62 |       ||    62
       Dagger            |    96 |    38 ||   134
  Use: Scroll            |       |     2 ||     2
       Potion            |       |     1 ||     1
 Stab: Sleeping          |     2 |     1 ||     3
       Distracted        |     1 |       ||     1
  Eat: Ration            |     2 |       ||     2
       Chunk             |       |     2 ||     2
Armor: Leather armour    |    36 |     7 ||    43
Dodge: Dodged            |   139 |    26 ||   165
